 Dungeon Crawl Stone Soup version 0.24.0-123-gd5b16e6ec5 (webtiles) character file.

Game seed: 7579532619080795827, levelgen mode: deterministic

0 glosham the Skirmisher (level 1, 0/18 HPs)
             Began as a Mummy Abyssal Knight on Jan 13, 2020.
             Was a Follower of Lugonu.
             Slain by a chaos spawn (3 damage)
             ... on level 1 of the Abyss.
             The game lasted 00:05:07 (256 turns).

glosham the Skirmisher (Mummy Abyssal Knight)        Turns: 256, Time: 00:05:08

Health: 0/18       AC:  3    Str: 15    XL:     1   Next: 0%
Magic:  2/2        EV: 11    Int: 11    God:    Lugonu [*.....]
Gold:   0          SH:  0    Dex: 11    Spells: 0/0 levels left

rFire    x . .     SeeInvis .   a - +1 hand axe
rCold    + . .     Gourm    .   (no shield)
rNeg     + + +     Faith    .   b - +0 leather armour
rPois    ∞         Spirit   .   (no helmet)
rElec    .         Reflect  .   (no cloak)
rCorr    .         Harm     .   (no gloves)
MR       .....                  (no boots)
Stlth    +.........             (no amulet)
HPRegen  0.06/turn              (no ring)
MPRegen  0.08/turn              (no ring)

@: no status effects
A: no food or potions, fire vulnerability, cold resistance 1, negative energy
resistance 3, torment resistance, unbreathing
a: Depart the Abyss, Renounce Religion


You were on level 1 of the Abyss.
You worshipped Lugonu.
Lugonu was aware of your devotion.
You were not hungry.

You visited 0 branches of the dungeon, and saw 0 of its levels.
You visited the Abyss 1 time.

Inventory:

Hand Weapons
 a - a +1 hand axe (weapon)
Armour
 b - a +0 leather armour (worn)


   Skills:
 - Level 3.0 Fighting
 * Level 1.5 Axes
 - Level 1.5 Armour
 - Level 0.7 Dodging
 - Level 1.5 Invocations


You couldn't memorise any spells.
You didn't know any spells.
Your spell library was empty.

Dungeon Overview and Level Annotations

Branches:
Dungeon (0/15)

Altars:


Innate Abilities, Weirdness & Mutations

You do not eat or drink.
Your flesh is vulnerable to fire.
You are immune to poison.
Your flesh is cold resistant. (rC+)
You are immune to negative energy. (rN+++)
You are immune to unholy pain and torment.
You can survive without breathing.


Message History

You flicker back into view.
Tentacles burst from the starspawn's body! 2 starspawn tentacles come into view.
The starspawn tentacle misses you.
A fire bat comes into view.
The fire bat moves out of view.
Your extra speed is starting to run out.
You feel yourself slow down.
Found a gateway leading out of the Abyss.
Found 14 gold pieces.
You see here 14 gold pieces.
An earth elemental comes into view.
A tentacle flies out from the starspawn's body!
A starspawn tentacle comes into view.
A tentacle flies out from the starspawn's body!
A starspawn tentacle comes into view.
A white imp comes into view.
The white imp shouts, "Leave, thou peeagling shrink-wrapped pignut!"
A worldbinder comes into view.
The white imp gestures at you. The puff of frost hits you. You resist.
The white imp barely misses you.
A chaos spawn comes into view.
The chaos spawn gurgles horribly!
The worldbinder calls forth creatures from the Lair of Beasts!
The spiny frog gives a loud, deep croak!
A swamp dragon skeleton comes into view.
The white imp gestures at you. The puff of frost hits you. You resist.
The blink frog disappears in a puff of smoke!
The spiny frog disappears in a puff of smoke!
Your magical contamination has completely faded away.
The chaos spawn gores you. The chaos spawn shocks you.
* * * LOW HITPOINT WARNING * * *
A shadow comes into view.
The shadow slips into darkness.
The shadow flickers and vanishes!
The chaos spawn closely misses you.
Found a murky grey potion.
The chaos spawn hits you.
You die...

## # . ≈≈≈ ##.#.# ..≈
# # .# . # ##≈≈. ..
..# # ≈≈≈≈ #.# .##§ #
≈≈≈ #. .#. F .≈≈≈
#≈#########..# ## .
#..≈≈♣♣.#.#...## .#..
.#...≈≈≈≈≈..@4...##.#
..#.
#...#≈♣≈..###.#######
### ##
..#.≈≈≈≈≈....!#..#. #
.# ..# #
≈≈#≈≈###.#..#.## .. .
. ### ≈ #
.#..#.#.#..#..#. . ≈
.≈≈≈≈#..##.#.#.. ###
# ## ≈≈≈≈≈≈≈....
.###..#... #.. # ≈≈
≈≈≈≈..#...§. #.#.. .#
#. ≈≈≈≈≈≈ ...#..#
..#....§#.#


You could see a chaos spawn.

Vanquished Creatures (others)
  8 starspawn tentacles (Abyss:1)
8 creatures vanquished.

Notes
Turn   | Place    | Note
-------+----------+-------------------------------------------
     0 | Abyss:1  | glosham the Mummy Abyssal Knight began the quest for the
                  | Orb.
     0 | Abyss:1  | Reached XP level 1. HP: 18/18 MP: 2/2
    90 | Abyss:1  | Noticed a hellwing
    98 | Abyss:1  | Noticed a smoke demon
    99 | Abyss:1  | Noticed a smoke demon
   104 | Abyss:1  | Noticed an orange demon
   107 | Abyss:1  | Noticed a glowing orange brain
   121 | Abyss:1  | Noticed an apocalypse crab
   132 | Abyss:1  | Noticed a small abomination
   137 | Abyss:1  | Noticed a tentacled starspawn
   151 | Abyss:1  | Noticed a fire bat
   194 | Abyss:1  | Noticed an earth elemental
   205 | Abyss:1  | Noticed a worldbinder
   208 | Abyss:1  | Noticed a chaos spawn
   209 | Abyss:1  | Noticed a blink frog
   209 | Abyss:1  | Noticed a spiny frog
   209 | Abyss:1  | Noticed a blink frog
   243 | Abyss:1  | Noticed a shadow
   256 | Abyss:1  | Slain by a chaos spawn

Levels and vault maps discovered:
Abyss:1:  hangedman_abyss_sting, evilmike_abyss_exit_vortex,
          evilmike_abyss_exit_mutagenic, hangedman_abyss_or_decor_passed

Action                   || total
-------------------------++-------
Dodge: Dodged            ||     3

Table legend:
 A = Turns spent in this place as a percentage of turns spent in the entire game.
 B = Non-inter-level travel turns spent in this place as a percentage of non-inter-level travel turns spent in the entire game.
 C = Inter-level travel turns spent in this place as a percentage of turns spent in this place.
 D = Turns resting spent in this place as a percentage of non-inter-level travel turns spent in this place.
 E = Turns spent auto-exploring this place as a percentage of non-inter-level travel turns spent in this place.
 F = Non-inter-level travel turns spent in this place divided by the number of levels of this place that you've seen.
                   A       B       C       D       E      F
               +-------+-------+-------+-------+-------+----------------------
         Total | 100.0 | 100.0 |   0.0 |   0.0 |   0.0 | 256.0
         Abyss | 100.0 | 100.0 |   0.0 |   0.0 |   0.0 | 256.0
               +-------+-------+-------+-------+-------+----------------------

Levels and vault maps discovered:
Abyss:1:  hangedman_abyss_sting, evilmike_abyss_exit_vortex,
          evilmike_abyss_exit_mutagenic, hangedman_abyss_or_decor_passed
